 Dungeon Crawl Stone Soup version 0.29.1-13-g9f3cf754e1 (webtiles) character file.

Game seed: 14454457717703641848

2 FaviusArthum the Conjurer (level 1, -3/10 HPs)
             Began as a Deep Elf Conjurer on Jan 22, 2023.
             Slain by a kobold
             ... wielding a +4 dagger
              (4 damage)
             ... on level 1 of the Dungeon.
             The game lasted 00:00:41 (93 turns).

FaviusArthum the Conjurer (Deep Elf Conjurer)         Turns: 93, Time: 00:00:42

Health: -3/10      AC:  2    Str:  4    XL:     1   Next: 25%
Magic:  5/6        EV: 12    Int: 22    God:
Gold:   11         SH:  0    Dex: 13    Spells: 5/6 levels left

rFire   . . .      SeeInvis .   (no weapon)
rCold   . . .      Faith    .   (no shield)
rNeg    . . .      Spirit   .   a - +0 robe
rPois   .          Reflect  .   (no helmet)
rElec   .          Harm     .   (no cloak)
rCorr   .          Rampage  .   (no gloves)
Will    .....                   (no boots)
Stlth   ++........              (no amulet)
HPRegen 0.03/turn               (no ring)
MPRegen 0.10/turn               (no ring)

@: no status effects
A: no striking features
a: no special abilities


You were on level 1 of the Dungeon.
You visited 1 branch of the dungeon, and saw 1 of its levels.

You collected 11 gold pieces.

Inventory:

Armour
 a - a +0 robe (worn)
Potions
 b - a potion of magic


   Skills:
 + Level 2.4 Dodging
 + Level 2.4 Stealth
 + Level 3.0 Spellcasting
 + Level 4.5 Conjurations


You had 5 spell levels left.
You knew the following spells:

 Your Spells              Type           Power      Damage    Failure   Level
a - Magic Dart            Conj           92%        1d7       1%          1

Your spell library contained the following spells:

 Spells                   Type           Power      Damage    Failure   Level
 Searing Ray              Conj           46%        2d6       3%          2
 Dazzling Flash           Conj/Hex       26%        N/A       14%         3
 Fulminant Prism          Conj/Hex       6%         3d7       43%         4
 Iskenderun's Mystic Bla  Conj/Tloc      13%        2d5       43%         4


Dungeon Overview and Level Annotations

Branches:
Dungeon (1/15)

Altars:


Message History

Aim: a kobold, wielding a +4 dagger and quivering stones (moderately wounded, 100% to hit)
The magic dart hits the bat.
The bat is heavily wounded.
The bat closely misses you. The bat barely misses you.
The bat hits you but does no damage. The bat attacks as you move away!
The bat closely misses you. The bat hits you but does no damage.
Found 11 gold pieces.
The bat closely misses you. The bat hits you but does no damage.
Casting: Magic Dart (safe; 1% risk of failure)
Confirm with . or Enter, or press ? or * to list all spells.
Aiming: Magic Dart (safe; 1% risk of failure)
Press: ? - help, Shift-Dir - straight line, f - bat
Aim: a bat (100% to hit)
The magic dart hits the bat.
You kill the bat!
You see here 11 gold pieces.
A kobold is nearby!
You now have 11 gold pieces.
The kobold throws a stone.
The stone hits you.
You open the door.
Found a scroll labelled TOR CASODA.
Found 9 gold pieces.
The kobold throws a stone.
The stone misses you.
There is an open door here.
Found a metallic orange potion.
A goblin and a bat come into view.
The goblin is wielding a +2 dagger of electrocution.
The bat barely misses you.
The kobold throws a stone.
The stone barely misses you.
You hit the bat but do no damage.
The goblin shouts!
The bat hits you but does no damage. The bat hits you but does no damage.
The bat misses you. The bat attacks as you move away!
The bat barely misses you. The bat hits you but does no damage.
The kobold hits you with a +4 dagger!
Ouch! That really hurt!
* * * LOW HITPOINT WARNING * * *
The kobold attacks as you move away! The kobold hits you with a +4 dagger.
You die...

#########
#..........#
#...........
#....!.....#
#...........
#.$.........
...#####.b.........
.......@..g........
...####.K...####
#.....# #.....#
###.....########
.....?..'.K....#
###.....######.#
#.....# #†# #.....#
#.#


You could see a goblin, a bat and a kobold.

Vanquished Creatures
  A bat (D:1)
  A rat (D:1)
2 creatures vanquished.

Notes
Turn   | Place    | Note
-------+----------+-------------------------------------------
     0 | D:1      | FaviusArthum the Deep Elf Conjurer began the quest for the
                  | Orb.
     0 | D:1      | Reached XP level 1. HP: 10/10 MP: 6/6
    93 | D:1      | Slain by a kobold

Illustrated notes

Levels and vault maps discovered:
D:1:      evilmike_arrival_hilbert_curve, layout_basic,
          hangedman_abyss_or_decor_stabs

Action                   || total
-------------------------++-------
Melee: Unarmed           ||     1
 Cast: Magic Dart        ||     6
Armor: Robe              ||    11
Dodge: Dodged            ||    16
